Map: Newkirk Precinct TE (Void)

Players

HeltEn - Winner!

  • Race: Terran Terran
  • Spawn Location: 7:00

FoolOfaTook

  • Race: Zerg Zerg
  • Spawn Location: 5:00

Event: WCS Austin 2017

VOD

Have the link to the VOD?

Description

Time

  • Played on: April 28, 2017, 1:46 p.m.
  • Length: 9:09

All games in this series

Show
View Real Time Build Order
Export as new Build Order

HeltEn Terran - Winner!

Build Orders: Hellion Opening 

Get SALT Encoding   

  12  0:00  SCV  
  13  0:12  SCV  
  14  0:18  Supply Depot  
  14  0:25  SCV  
  15  0:40  SCV  
  15  0:41  Barracks  
  16  0:45  Refinery  
  16  0:52  SCV  
  17  1:04  SCV  
  18  1:16  SCV  
  19  1:28  Marine  
  19  1:29  Orbital Command  
  20  1:43  Command Center  
  20  1:47  Marine  
  21  1:59  Factory  
  21  2:02  SCV  
  21  2:06  Barracks Reactor  
  22  2:14  Supply Depot  
  22  2:16  SCV  
  22  2:20  Refinery  
  23  2:35  SCV  
  24  2:46  Starport  
  24  2:48  SCV  
  25  2:52  Hellion x2  
  25  2:53  Barracks Tech Lab  
  29  2:59  Orbital Command  
  29  3:04  SCV  
  30  3:14  Hellion  
  30  3:18  Hellion  
  34  3:24  SCV  
  35  3:27  SCV  
  36  3:36  SCV  
  37  3:41  Hellion  
  37  3:43  Supply Depot, Medivac  
  41  3:50  Hellion  
  41  3:52  SCV  
  41  3:54  SCV  
  45  4:01  Armory  
  45  4:07  SCV x2  
  45  4:09  Liberator  
  47  4:10  Hellion  
  49  4:22  Supply Depot, SCV  
  49  4:23  SCV  
  54  4:43  SCV x2  
  56  4:55  SCV x2  
  58  5:08  SCV x2  
  58  5:09  Supply Depot  
  60  5:20  Command Center, SCV x2  
  62  5:21  Cloaking Field  
  62  5:22  Supply Depot  
  62  5:29  Barracks Tech Lab  
  62  5:30  Banshee  
  62  5:32  SCV x2  
  62  5:34  Factory Reactor  
  67  5:35  Barracks  
  67  5:44  SCV x2  
  67  5:48  Barracks  
  67  5:49  Marine  
  68  5:51  Stimpack  
  68  5:54  Engineering Bay  
  68  5:55  Engineering Bay  
  68  5:56  SCV x2  
  70  6:04  Refinery  
  70  6:05  Refinery  
  70  6:07  Marine  
  70  6:08  SCV x2  
  73  6:15  Banshee  
  76  6:20  Supply Depot, SCV x2  
  76  6:21  Supply Depot  
  76  6:24  Factory Reactor  
  78  6:28  Barracks  
  78  6:30  Barracks  
  78  6:32  Marine x3  
  81  6:35  SCV x2  
  83  6:42  Terran Infantry Armor Level 1, Terran Infantry Weapons Level 1  
  83  6:46  Orbital Command  
  83  6:47  Marine x2  
  85  6:55  Marine  
  85  6:56  Marine x2  
  88  7:05  Widow Mine x2  
  92  7:09  Factory, Marine, Orbital Command  
  92  7:10  Supply Depot  
  92  7:11  Supply Depot  
  92  7:13  Starport Reactor, SCV  
  94  7:21  Supply Depot, Marine  
  94  7:22  Marine  
  96  7:24  Supply Depot, Marine x2  
  95  7:43  Marine x6  
  101  7:44  Widow Mine x2  
  101  7:45  SCV x2  
  101  7:48  SCV  
  108  7:52  Supply Depot x2  
  108  7:53  Supply Depot, Marine  
  108  7:54  Factory Tech Lab  
  108  7:57  SCV x2  
  111  8:00  Marine, SCV  
  111  8:05  Supply Depot x2  
  113  8:07  Marine x3  
  113  8:09  SCV  
  117  8:17  Marine  
  117  8:18  Marine  
  119  8:22  Marine  
  119  8:23  Thor, Widow Mine x2, Marine  
  119  8:25  Marine  
  132  8:43  Marine x2  
  132  8:47  Marine x2  
  121  9:02  Command Center  
Show
View Real Time Build Order
Export as new Build Order

FoolOfaTook Zerg 

Build Orders: Hatch First 

Get SALT Encoding   

  12  0:01  Drone  
  13  0:13  Overlord  
  13  0:18  Drone  
  14  0:33  Drone x2  
  16  0:36  Drone  
  17  0:47  Drone  
  18  0:57  Hatchery  
  18  1:00  Drone  
  18  1:02  Extractor  
  17  1:14  Spawning Pool  
  17  1:17  Drone  
  17  1:20  Drone  
  18  1:29  Drone  
  19  1:43  Overlord  
  19  1:51  Drone  
  20  2:01  Queen  
  20  2:02  Zergling x2  
  20  2:05  Metabolic Boost  
  23  2:12  Zergling x4  
  25  2:20  Drone  
  26  2:25  Drone  
  26  2:28  Queen  
  29  2:30  Drone  
  29  2:33  Drone  
  31  2:50  Hatchery  
  30  2:52  Drone  
  30  2:55  Overlord  
  32  2:58  Drone  
  32  3:01  Drone  
  32  3:04  Drone  
  34  3:11  Drone  
  35  3:14  Drone  
  35  3:16  Drone  
  35  3:18  Queen  
  39  3:20  Drone  
  39  3:24  Drone  
  39  3:28  Pneumatized Carapace  
  39  3:31  Drone  
  40  3:35  Overlord  
  40  3:37  Drone  
  40  3:40  Drone  
  42  3:42  Drone  
  43  3:52  Overlord  
  43  3:55  Queen  
  43  3:58  Drone x2  
  43  3:59  Zergling x2  
  43  4:00  Zergling x4  
  50  4:03  Overlord  
  50  4:09  Overlord  
  50  4:10  Queen  
  50  4:15  Drone  
  50  4:16  Drone  
  50  4:17  Drone  
  55  4:19  Drone  
  55  4:22  Drone  
  55  4:23  Drone  
  58  4:27  Drone x3  
  58  4:30  Drone  
  62  4:32  Drone, Extractor  
  62  4:33  Extractor  
  62  4:36  Evolution Chamber  
  62  4:37  Drone  
  62  4:38  Evolution Chamber  
  60  4:42  Drone, Baneling Nest  
  57  4:46  Zergling x4  
  56  4:54  Drone  
  56  4:58  Drone x2  
  57  5:04  Zergling x6  
  57  5:06  Drone x4  
  64  5:11  Zergling x4  
  66  5:25  Zergling x2  
  66  5:26  Zergling x2  
  66  5:27  Baneling x6  
  66  5:28  Zerg Ground Armor Level 1, Baneling  
  68  5:34  Overlord  
  68  5:36  Drone x2  
  68  5:39  Zergling x4  
  68  5:40  Zergling x2  
  68  5:41  Overlord  
  70  5:54  Spore Crawler  
  70  5:55  Drone  
  70  5:58  Drone x2  
  70  5:59  Lair  
  70  6:00  Drone  
  70  6:02  Drone  
  67  6:19  Drone x2  
  67  6:24  Drone x2  
  71  6:28  Drone  
  71  6:29  Drone x2  
  71  6:30  Drone x3  
  71  6:31  Drone x3  
  75  6:48  Drone x3, Extractor  
  75  6:51  Drone  
  75  6:52  Drone  
  79  6:57  Drone  
  80  7:02  Zergling x4  
  82  7:09  Hatchery  
  82  7:11  Spire  
  80  7:16  Drone x2  
  80  7:17  Drone  
  80  7:22  Extractor x2  
  80  7:26  Drone  
  80  7:27  Drone x2  
  80  7:28  Drone x4  
  79  7:33  Overseer  
  79  7:35  Drone x2  
  77  7:38  Drone x2  
  77  7:39  Drone x2  
  77  7:42  Drone  
  77  7:43  Drone x2  
  79  7:48  Drone  
  80  7:54  Drone  
  81  7:58  Zergling x2  
  81  7:59  Zergling x10  
  81  8:00  Overseer  
  87  8:07  Drone  
  87  8:08  Drone  
  89  8:26  Mutalisk x5  
  89  8:27  Mutalisk x2  
  91  8:31  Drone x3  
  100  8:43  Baneling x2  
  100  8:44  Zergling x4, Baneling x5  
  100  8:45  Zergling x8  
Tags
 
Add a new tag
Caveats
  • Supply blocks, unpowered buildings, or Contaminate may cause inaccurate times.
  • Supply counts are checked every 10 seconds.